[Event "Early-Titled-Tuesday-Blitz-June-18-2024"]
[Site "Chess.com"]
[Date "2024.06.18"]
[Round "6"]
[White "Grebnev_A"]
[Black "KorolDimitriy75"]
[Result "1-0"]
[WhiteElo "2698"]
[BlackElo "2525"]
[TimeControl "180+1"]
[EndTime "9:08:08 PDT"]
[Termination "Grebnev_A won on time"]

1. Nf3 c5 2. c4 g6 3. d4 cxd4 4.
Nxd4 Bg7 5. e4 Nc6 6. Be3 Nf6 7. Nc3 O-O 8. f3 d6 9. Be2 Bd7 10. Nc2 a5 11. O-O a4 12. Rc1 Qa5 13. Qd2 Rfc8 14.
Rfd1 Nb4 15. Nd4 Be8 16. Bf1 Kf8 17. g4 Nd7 18. Kg2 Ne5 19. Ncb5 Nxa2 20. Ra1 Qxd2+ 21. Bxd2 Nxc4 22. Rxa2 e5 23. Nxd6 Nxd6 24. Bb4 exd4 25. Bxd6+ Kg8 26. e5 Rc2+ 27. Kg3 Rac8 28. Rxd4 Rc1 29.
Bd3 Rd1 30. Ra3 Rcc1 31. Rb4 Bc6 32. Be4 Rg1+ 33. Kh3 Rc2 34. Bxc2 1-0

[Event "Early-Titled-Tuesday-Blitz-June-18-2024"]
[Site "Chess.com"]
[Date "2024.06.18"]
[Round "6"]
[White "masterofpuppets2"]
[Black "HouseOfDurin"]
[Result "1-0"]
[WhiteElo "2485"]
[BlackElo "2303"]
[TimeControl "180+1"]
[EndTime "9:08:08 PDT"]
[Termination "masterofpuppets2 won by resignation"]

1. d4 Nf6 2. c4 c5 3. d5 b5 4. cxb5 a6 5. bxa6 Bxa6 6. Nc3 d6 7. e4 Bxf1 8. Kxf1 Nbd7 9. h3 g6 10. Nge2 Bg7 11. Kg1 O-O 12. Kh2 Qa5 13. Qc2 Rfb8 14. Rb1 Qb4 15. Rd1 Ne5 16. b3 Ned7 17. Bd2 Rb7 18.
a4 Rab8 19. f3 Qb6 20. Nb5 Ne8 21. Na3 Nc7 22. Nc4 Qa6 23. Nc1 Ne5 24. Na5 c4 25. Nxb7 Qxb7 26. f4 Nd3 27. Nxd3 cxd3 28. Qxd3 Na6 29.
b4 Qa8 30. Rdc1 Bf6 31. Rc6 Nxb4 32. Rxb4 Rxb4 33. Bxb4 Qxa4 34. Rc8+ Kg7 35. Bc3 Qd7 36. Rc6 h5 37. e5 dxe5 38. fxe5 Qd8 39. exf6+ exf6 40. Bxf6+ Qxf6 41. Rxf6 Kxf6 42. d6 1-0

[Event "Early-Titled-Tuesday-Blitz-June-18-2024"]
[Site "Chess.com"]
[Date "2024.06.18"]
[Round "6"]
[White "marszach123"]
[Black "mortngabriel"]
[Result "0-1"]
[WhiteElo "1937"]
[BlackElo "2491"]
[TimeControl "180+1"]
[EndTime "9:08:08 PDT"]
[Termination "mortngabriel won by checkmate"]

1. e4 c5 2. Nf3 Nc6 3. c3 Nf6 4. Qc2 d6 5. d4 Bg4 6. d5 Bxf3 7. gxf3 Ne5 8. Be2 g6 9. f4 Ned7 10. c4 Bg7 11. f5 O-O 12. fxg6 fxg6 13. Nc3 a6 14. f4 Rb8 15. f5 Ne5 16. fxg6 hxg6 17. Bd2 b5 18. cxb5 axb5 19. Nxb5 Rxb5 20. Bxb5 Nf3+ 21.
Ke2 Nd4+ 22. Kd3 Nxc2 23. Kxc2 Nxe4 24. Bd3 Nxd2 25. Kxd2 Qa5+ 26. Ke2 Bxb2 27. Rab1 Qxa2 28. Ke3 Bd4+ 29. Ke4 Qg2# 0-1

[Event "Early-Titled-Tuesday-Blitz-June-18-2024"]
[Site "Chess.com"]
[Date "2024.06.18"]
[Round "6"]
[White "ChessSwole"]
[Black "simplerXiao"]
[Result "1-0"]
[WhiteElo "2707"]
[BlackElo "2527"]
[TimeControl "180+1"]
[EndTime "9:08:09 PDT"]
[Termination "ChessSwole won by resignation"]

1. e4 g6 2. d4 Bg7 3. Nf3 c6 4. Bd3 d6 5. Nbd2 Nf6 6. O-O O-O 7. Re1 Nbd7 8. c3 e5 9. h3 Qc7 10. a4 Rb8 11. a5 b5 12. axb6 axb6 13. Nf1 b5 14. Ng3 b4 15. Be3 bxc3 16. bxc3 c5 17.
dxe5 dxe5 18. Qe2 Nb6 19. Ra5 c4 20. Bc2 Nfd7 21. Rea1 Bb7 22. h4 h5 23. Ng5 Ra8 24. Rxa8 Rxa8 25. Rb1 Na4 26. Rb4 Nab6 27. Nxh5 gxh5 28.
Qxh5 Nf6 29. Bxb6 Ra1+ 30. Kh2 Qd7 31. Qf3 Qd2 32. Be3 Qxc2 33. Rxb7 Qxc3 34. Rb8+ Bf8 35.
Qxf6 1-0

[Event "Early-Titled-Tuesday-Blitz-June-18-2024"]
[Site "Chess.com"]
[Date "2024.06.18"]
[Round "6"]
[White "Fandorine"]
[Black "Sic_Transit_GM"]
[Result "1-0"]
[WhiteElo "2936"]
[BlackElo "2582"]
[TimeControl "180+1"]
[EndTime "9:08:11 PDT"]
[Termination "Fandorine won by resignation"]

1. e4 e5 2. Nf3 Nc6 3. Nc3 Nf6 4. h3 Bb4 5. Nd5 O-O 6. Nxb4 Nxb4 7. c3 Nc6 8. d3 d5 9. Qc2 b6 10. Be2 Bb7 11.
O-O Qd6 12. Re1 Ne7 13. Bf1 Ng6 14. a4 a6 15. b4 Rfd8 16. Rb1 Rac8 17. b5 c5 18.
bxc6 Rxc6 19. Qb3 Rdc8 20. Bd2 a5 21. exd5 Qxd5 22. Qxd5 Nxd5 23. c4 Ndf4 24. Nxe5 Nxe5 25. Rxe5 Ne6 26. Be3 f6 27. Reb5 Nc5 28. Rxb6 Rxb6 29. Rxb6 1-0

[Event "Early-Titled-Tuesday-Blitz-June-18-2024"]
[Site "Chess.com"]
[Date "2024.06.18"]
[Round "6"]
[White "David_ATM"]
[Black "unkiyto"]
[Result "1/2-1/2"]
[WhiteElo "2428"]
[BlackElo "2687"]
[TimeControl "180+1"]
[EndTime "9:08:11 PDT"]
[Termination "Game drawn by repetition"]

1. e4 c5 2. c3 Nf6 3. e5 Nd5 4.
d4 cxd4 5. Nf3 e6 6. cxd4 d6 7.
Bc4 Be7 8. O-O O-O 9. Qe2 b6 10. Nc3 Nxc3 11. bxc3 Qc7 12. Bd3 Bb7 13. h4 Nd7 14. Re1 dxe5 15. Nxe5 Nxe5 16. dxe5 Qc6 17. Be4 Qxe4 18. Qxe4 Bxe4 19. Rxe4 Rac8 20. c4 Rfd8 21. Be3 Rc7 22. a4 h6 23. a5 Bc5 24. axb6 axb6 25.
Bxc5 Rxc5 26. Rb1 Rdc8 27. Rxb6 Rxc4 28. Rxc4 Rxc4 29. Rb8+ Kh7 30. Rf8 Rxh4 31. Rxf7 Kg6 32. Re7 Re4 33. Rxe6+ Kf7 34. Ra6 Rxe5 35. g3 Rf5 36.
Kg2 Re5 37. f4 Rc5 38. Kf3 Rc3+ 39. Kg4 Rb3 40. Ra5 Kf6 41. Ra6+ Kf7 42. Ra5 g6 43. Ra7+ Kf6 44. Ra6+ Kg7 45. Ra7+ Kg8 46. Ra8+ Kf7 47. Ra7+ Kf8 48. Ra8+ Kf7 49. Ra7+ 1/2-1/2

[Event "Early-Titled-Tuesday-Blitz-June-18-2024"]
[Site "Chess.com"]
[Date "2024.06.18"]
[Round "6"]
[White "Meri-Arabidze"]
[Black "annazero"]
[Result "1-0"]
[WhiteElo "2671"]
[BlackElo "2532"]
[TimeControl "180+1"]
[EndTime "9:08:13 PDT"]
[Termination "Meri-Arabidze won by resignation"]

1. Nf3 g6 2. g3 Bg7 3. Bg2 Nf6 4.
O-O O-O 5. d4 d5 6. Nbd2 c6 7.
b3 c5 8. Bb2 cxd4 9. Nxd4 Nc6 10. Nxc6 bxc6 11. c4 Bf5 12. Nf3 Be4 13. Rc1 Qa5 14. a3 Rfd8 15. b4 Qa6 16. c5 Qb7 17. e3 a5 18. Bc3 axb4 19. axb4 Ra2 20. Qb3 Rda8 21. Ra1 Rxa1 22. Rxa1 Rxa1+ 23. Bxa1 Bd3 24. Qxd3 Qxb4 25. Bd4 Bf8 26. Ne5 Qe1+ 27. Qf1 Qd2 28. Nxc6 Ne8 29. Ne5 e6 30. c6 Qc2 31. h4 f6 32. Nd7 Be7 33. Qa6 Qd1+ 34. Kh2 Qe1 35. Qa2 Qc1 36. Qa8 Kf7 37. Nb6 Qc2 38. Kg1 Qc1+ 39. Bf1 Bd6 40. Qb7+ Be7 41. Nc8 Nd6 42. Qxe7+ 1-0

[Event "Early-Titled-Tuesday-Blitz-June-18-2024"]
[Site "Chess.com"]
[Date "2024.06.18"]
[Round "6"]
[White "penguingm1"]
[Black "Rodalquilar"]
[Result "0-1"]
[WhiteElo "2947"]
[BlackElo "2812"]
[TimeControl "180+1"]
[EndTime "9:08:15 PDT"]
[Termination "Rodalquilar won on time"]

1. d4 d5 2. Bf4 Bf5 3. Nf3 Nf6 4. c4 e6 5. Qb3 Nc6 6. c5 Na5 7. Qa4+ c6 8. e3 b5 9. Qd1 Nc4 10. b3 Qa5+ 11. Nbd2 Na3 12. Rc1 Ne4 13. Be2 Nc3 14. Rxc3 Qxc3 15. O-O a5 16. Ne5 Rc8 17. e4 Bxe4 18.
Nxe4 dxe4 19. Bc1 Nc2 20. Bd2 Qxd4 21. Nxc6 Rxc6 22. Qxc2 Rxc5 23. Bxb5+ Rxb5 24. Be3 Qd7 0-1

[Event "Early-Titled-Tuesday-Blitz-June-18-2024"]
[Site "Chess.com"]
[Date "2024.06.18"]
[Round "6"]
[White "Gnechko_Ruslan"]
[Black "AljoschaFeuerstack"]
[Result "1-0"]
[WhiteElo "2556"]
[BlackElo "2660"]
[TimeControl "180+1"]
[EndTime "9:08:19 PDT"]
[Termination "Gnechko_Ruslan won by checkmate"]

1. e4 c6 2. d4 d5 3. e5 a6 4. Nf3 Bg4 5. Nbd2 e6 6. h3 Bh5 7. Bd3 c5 8. c3 Nc6 9. Be2 Qb6 10.
dxc5 Bxc5 11. O-O Qc7 12. Re1 Nge7 13. Nb3 Ba7 14. Nfd4 Bg6 15. f4 Nf5 16. Kh2 h5 17. Nxf5 Bxf5 18. Nd4 Nxd4 19. cxd4 g6 20. Be3 Kf8 21. Rc1 Qb6 22. b3 Kg7 23. Bf2 Rac8 24. Qd2 Qd8 25. Rxc8 Qxc8 26. Rc1 Qd7 27. Qc3 Bb6 28. Bh4 Ra8 29. Bf6+ Kg8 30. g4 Be4 31. gxh5 Bd8 32. hxg6 Bxf6 33. exf6 fxg6 34. Qg3 Kf7 35.
f5 Kxf6 36. Rc7 Qe8 37. Qe5+ Kg5 38. fxe6+ Kh6 39. Qg7+ Kg5 40. Qe5+ Kh6 41. h4 Qf8 42. Qg5# 1-0

[Event "Early-Titled-Tuesday-Blitz-June-18-2024"]
[Site "Chess.com"]
[Date "2024.06.18"]
[Round "6"]
[White "micke12a"]
[Black "Navyblue1"]
[Result "1-0"]
[WhiteElo "2381"]
[BlackElo "2166"]
[TimeControl "180+1"]
[EndTime "9:08:20 PDT"]
[Termination "micke12a won on time"]

1. e4 c5 2. Nc3 d6 3. d4 cxd4 4. Qxd4 a6 5. Qd2 Nc6 6. b3 g6 7. Bb2 Bg7 8. O-O-O Nf6 9. f3 O-O 10. Kb1 b5 11. g4 Bb7 12. h4 Nd7 13. h5 Nc5 14.
Qh2 h6 15. hxg6 fxg6 16. Nd5 e5 17. a4 bxa4 18. Bc4 Na5 19. Ne7+ Kh7 20. Nxg6 Kxg6 21. Qh5+ Kh7 22. g5 Nxc4 23. bxc4 Bc8 24. g6+ Kh8 25. Bc1 Kg8 26. Bxh6 Qf6 27. Bg5 Rb8+ 28.
Ka2 Qxg6 29. Qxg6 Be6 30. Bh6 Bxc4+ 31. Ka1 Rf7 32. Rxd6 Rfb7 33. Nh3 1-0

[Event "Early-Titled-Tuesday-Blitz-June-18-2024"]
[Site "Chess.com"]
[Date "2024.06.18"]
[Round "6"]
[White "WilliamAlfaroCaracas"]
[Black "abelmat"]
[Result "1-0"]
[WhiteElo "2340"]
[BlackElo "2043"]
[TimeControl "180+1"]
[EndTime "9:08:22 PDT"]
[Termination "WilliamAlfaroCaracas won on time"]

1. e4 e6 2. d4 d5 3. exd5 exd5 4. Nf3 Nf6 5. Bd3 c5 6. O-O Be7 7. h3 O-O 8. dxc5 Bxc5 9. Bg5 Nc6 10. Nc3 Be6 11.
Re1 h6 12. Bh4 a6 13. Ne2 Re8 14. Nf4 Rc8 15. Nxe6 fxe6 16. Qd2 e5 17. Bg6 Rf8 18. Bf5 e4 19. Bxc8 Qxc8 20. Nh2 Qf5 21. Rad1 Nh5 22. Qxd5+ Qxd5 23. Rxd5 g5 24. Rxc5 gxh4 25. Rxh5 1-0

[Event "Early-Titled-Tuesday-Blitz-June-18-2024"]
[Site "Chess.com"]
[Date "2024.06.18"]
[Round "6"]
[White "temus_galaktionov"]
[Black "LastGladiator1"]
[Result "0-1"]
[WhiteElo "2851"]
[BlackElo "2982"]
[TimeControl "180+1"]
[EndTime "9:08:23 PDT"]
[Termination "LastGladiator1 won by resignation"]

1. d4 Nf6 2. c4 e6 3. Nf3 d5 4.
Nc3 Nbd7 5. Bg5 h6 6. Bh4 Be7 7. e3 O-O 8. Bd3 a6 9. c5 b6 10. b4 Bb7 11. O-O Ne4 12. Bxe7 Qxe7 13. Qc2 f5 14.
Nd2 bxc5 15. bxc5 Bc6 16. f3 Nxd2 17. Qxd2 e5 18. Bc2 f4 19. Rae1 fxe3 20. Qxe3 Rae8 21. Bb3 Kh8 22. Nxd5 Qd8 23. dxe5 Nxe5 24. Qd4 Qg5 25. Kh1 Bb5 26. f4 Qh5 27. Rg1 Nf3 28. gxf3 Qxf3+ 0-1

[Event "Early-Titled-Tuesday-Blitz-June-18-2024"]
[Site "Chess.com"]
[Date "2024.06.18"]
[Round "6"]
[White "ploxoi"]
[Black "BestestBP"]
[Result "1-0"]
[WhiteElo "2480"]
[BlackElo "2260"]
[TimeControl "180+1"]
[EndTime "9:08:23 PDT"]
[Termination "ploxoi won by checkmate"]

1. c4 Nf6 2. Nf3 e6 3. g3 b6 4. Bg2 Bb7 5. O-O Be7 6. Nc3 O-O 7. d4 d5 8. Ne5 c5 9. cxd5 exd5 10. b3 Nbd7 11.
Nxd7 Qxd7 12. Bb2 Rac8 13. dxc5 Bxc5 14. e3 Rfd8 15. Ne2 Ne4 16. a3 Ba6 17. b4 Be7 18. Re1 Bf6 19. Bxf6 Nxf6 20. Nf4 d4 21. e4 d3 22. e5 Ne8 23. Bh3 Qd4 24. e6 f6 25.
e7 Rd6 26. Bxc8 Bxc8 27. Qb3+ Kh8 28. Qf7 h5 29. Qxe8+ Kh7 30. Qxh5+ Kg8 31. e8=Q# 1-0

[Event "Early-Titled-Tuesday-Blitz-June-18-2024"]
[Site "Chess.com"]
[Date "2024.06.18"]
[Round "6"]
[White "nihalsarin"]
[Black "jcibarra"]
[Result "1-0"]
[WhiteElo "3190"]
[BlackElo "3013"]
[TimeControl "180+1"]
[EndTime "9:08:24 PDT"]
[Termination "nihalsarin won by checkmate"]

1. d4 Nf6 2. c4 d6 3. Nc3 e5 4. Nf3 e4 5. Ng5 Qe7 6. g3 h6 7. Nh3 c6 8. Bg2 Bf5 9. Qb3 b6 10. O-O Qd7 11. Nf4 g5 12. f3 exf3 13. Bxf3 gxf4 14.
Bxf4 Be7 15. e4 Bh3 16. e5 dxe5 17. dxe5 Bc5+ 18. Kh1 Bxf1 19. Rxf1 Ng8 20. Ne4 Qe6 21. Nxc5 bxc5 22. Qb7 Qxc4 23. Qc8+ Ke7 24. Rd1 f5 25. Qc7+ Nd7 26. Qxd7+ Kf8 27. e6 Ne7 28. Be5 Rh7 29.
Qd8+ Rxd8 30. Rxd8# 1-0

[Event "Early-Titled-Tuesday-Blitz-June-18-2024"]
[Site "Chess.com"]
[Date "2024.06.18"]
[Round "6"]
[White "GHANDEEVAM2003"]
[Black "SuperPower2011"]
[Result "1-0"]
[WhiteElo "2992"]
[BlackElo "2715"]
[TimeControl "180+1"]
[EndTime "9:08:25 PDT"]
[Termination "GHANDEEVAM2003 won by resignation"]

1. e4 c5 2. Nf3 d6 3. Nc3 Nf6 4.
e5 dxe5 5. Nxe5 a6 6. g3 Qd6 7. Qe2 Nc6 8. Nxc6 Qxc6 9. Rg1 Bg4 10. Bg2 Qc7 11. Bf3 Bxf3 12. Qxf3 O-O-O 13. d3 e6 14.
Bg5 Be7 15. O-O-O h6 16. Be3 Bd6 17. h4 Be5 18. Ne4 Nxe4 19. Qxe4 Bd4 20. g4 Qa5 21. a3 Qb6 22. c3 Bxe3+ 23. fxe3 Qb3 24. Qe5 Rd5 25.
Qxg7 Rhd8 26. Qxf7 c4 27. Qxe6+ Kb8 28. d4 Rb5 29.
Rd2 Qa2 30. Qe4 Rb6 31. g5 hxg5 32. hxg5 Ka7 33. g6 Re8 34. Qb1 Qb3 35. Re2 Qb5 36. g7 Qh5 37. Qc2 Rg8 38. Reg2 Rf6 39. Qe2 Qf7 40. e4 Rf3 41. Kb1 Qf4 42. Qxc4 Qxe4+ 43. Ka2 Qe8 44. Re2 Qb8 45. Re7 Rf6 46. Rge1 Rc6 47.
Qxc6 1-0

[Event "Early-Titled-Tuesday-Blitz-June-18-2024"]
[Site "Chess.com"]
[Date "2024.06.18"]
[Round "6"]
[White "Pelusiansky"]
[Black "stolencandy13"]
[Result "1-0"]
[WhiteElo "2450"]
[BlackElo "2625"]
[TimeControl "180+1"]
[EndTime "9:08:25 PDT"]
[Termination "Pelusiansky won by resignation"]

1. c4 Nf6 2. Nc3 e5 3. e3 Nc6 4. a3 d5 5. cxd5 Nxd5 6. Qc2 Be7 7. Nf3 Be6 8. Bb5 f6 9. d4 Nxc3 10. bxc3 exd4 11. cxd4 Bd7 12. Bd3 g6 13. O-O Bd6 14.
e4 O-O 15. Bh6 Re8 16. Bc4+ Kh8 17. e5 Bf8 18. Bxf8 Rxf8 19. e6 Bc8 20. d5 Ne7 21.
Rad1 Nf5 22. Rfe1 Qe7 23. Bd3 Nd6 24. Rc1 c6 25. dxc6 bxc6 26. Qxc6 Bb7 27. Qd7 Qxd7 28. exd7 Bxf3 29. gxf3 Rad8 30. Re7 Rf7 31. Rc8 Rxe7 32.
Rxd8+ Kg7 33. Rg8+ Kxg8 34. d8=Q+ Re8 35. Qxd6 1-0

[Event "Early-Titled-Tuesday-Blitz-June-18-2024"]
[Site "Chess.com"]
[Date "2024.06.18"]
[Round "6"]
[White "jamengrand"]
[Black "andrzej"]
[Result "0-1"]
[WhiteElo "2298"]
[BlackElo "2481"]
[TimeControl "180+1"]
[EndTime "9:08:25 PDT"]
[Termination "andrzej won by resignation"]

1. e4 c5 2. Nf3 d6 3. d4 cxd4 4. Nxd4 Nf6 5. Nc3 a6 6. Bd3 e5 7.
Nde2 Nbd7 8. Ng3 Nc5 9. O-O g6 10. Bg5 Be7 11. a4 b6 12. Bc4 Be6 13. Qe2 O-O 14.
Bh6 Re8 15. h3 Qc7 16. Bxe6 fxe6 17. Rfd1 Qb7 18. Rd2 Rac8 19. Rad1 Red8 20. Bg5 Qc6 21. Bxf6 Bxf6 22. Qe3 Kg7 23. Ra1 h6 24. Rdd1 Bg5 25.
Qe2 Rf8 26. Qxa6 Nxa6 0-1

[Event "Early-Titled-Tuesday-Blitz-June-18-2024"]
[Site "Chess.com"]
[Date "2024.06.18"]
[Round "6"]
[White "Yan_Dyomin2010"]
[Black "Muifel"]
[Result "1-0"]
[WhiteElo "2655"]
[BlackElo "2499"]
[TimeControl "180+1"]
[EndTime "9:08:27 PDT"]
[Termination "Yan_Dyomin2010 won on time"]

1. e4 e5 2. d4 exd4 3. Qxd4 Nc6 4. Qd3 Nf6 5. Nc3 Bb4 6. Bd2 O-O 7. O-O-O Re8 8. Nge2 d6 9. Bg5 h6 10. Bxf6 Qxf6 11.
Nd5 Qh4 12. Nxc7 Be6 13. Nxa8 Rxa8 14. a3 Bc5 15. g3 Qf6 16. f4 Rc8 17. Bg2 Na5 18.
Qc3 Nb3+ 19. Kb1 Bd4 20. Qb4 a5 21. Qxb7 Nc5 22. Qxc8+ Bxc8 23. Nxd4 Bb7 24. Rhe1 Qg6 25. Nf5 Kh7 26. Nxd6 Bc6 27. Bf3 Qe6 28. Re3 Na4 29.
e5 Bxf3 30. Rxf3 Qg4 31. Rdf1 Qd7 32. b3 Nc5 33. Rc3 Qa7 34. Rd1 a4 35. b4 Ne6 36.
Ne4 Qb7 37. Nc5 Nxc5 38. Rxc5 Qf3 39. Rd3 Qf2 40. Kb2 Qxh2 41. b5 Qf2 42. Rc4 Qb6 43. Rb4 h5 44. Rd7 Qe6 45. Rd6 Qc8 46. b6 Qb7 47. Rd7 Qxd7 48. b7 1-0

[Event "Early-Titled-Tuesday-Blitz-June-18-2024"]
[Site "Chess.com"]
[Date "2024.06.18"]
[Round "6"]
[White "Lion-Al-Messi"]
[Black "laskakid"]
[Result "1-0"]
[WhiteElo "2635"]
[BlackElo "2393"]
[TimeControl "180+1"]
[EndTime "9:08:27 PDT"]
[Termination "Lion-Al-Messi won on time"]

1. e4 d6 2. d4 Nf6 3. Nc3 e5 4.
Nf3 Nbd7 5. Bc4 Be7 6. O-O O-O 7. Re1 c6 8. a4 h6 9. b3 Re8 10. a5 Qc7 11. Ba3 b5 12. axb6 axb6 13. Bxd6 Rxa1 14. Bxc7 Rxd1 15. Rxd1 exd4 16. Nxd4 Bb7 17. f3 Bc5 18.
Kf1 b5 19. Be2 Nf8 20. Nf5 Ne6 21. Bd6 Bb6 22. e5 Nd7 23. Ne4 Nf4 24. Ne7+ Kh7 25. e6 Nxe6 26. Bd3 g6 27. Ra1 Kg7 28. h4 f5 29. Ng3 Bc5 30. h5 Bxd6 31. Nexf5+ gxf5 32. Nxf5+ Kf6 33. Nxd6 Rb8 34. Ra7 Ndc5 35. Bg6 Nf4 36. b4 Nxg6 37. hxg6 Ra8 38. Rxa8 Bxa8 39. bxc5 Kxg6 40.
c3 Kf6 41. f4 Ke7 42. f5 Kf6 43. g4 Ke5 44. Kf2 Kd5 45. f6 Ke6 46. f7 Ke7 47. Kf3 1-0

[Event "Early-Titled-Tuesday-Blitz-June-18-2024"]
[Site "Chess.com"]
[Date "2024.06.18"]
[Round "6"]
[White "Nadtkins"]
[Black "GambitGiesbergen"]
[Result "1-0"]
[WhiteElo "2549"]
[BlackElo "2370"]
[TimeControl "180+1"]
[EndTime "9:08:27 PDT"]
[Termination "Nadtkins won by resignation"]

1. e4 c5 2. Be2 Nc6 3. f4 e6 4. Nf3 d5 5. d3 Bd6 6. c3 Nge7 7. O-O Qb6 8. Kh1 Bd7 9. Na3 f6 10. Nc2 Qc7 11. Qd2 h5 12. Na3 a6 13. Ng1 h4 14.
exd5 exd5 15. Qd1 O-O-O 16. Bg4 Nf5 17. Nh3 Kb8 18. Kg1 g6 19. Bd2 Rde8 20. Qf3 Nce7 21. Rae1 Bc6 22. Qf2 d4 23. Nc4 b5 24. Nxd6 Qxd6 25.
Bf3 Nd5 26. cxd4 Nxd4 27. Be4 f5 28. Ng5 fxe4 29. dxe4 Nb4 30. Nf7 Qc7 31. Nxh8 Rxh8 32. f5 Nd3 33. Qe3 Nxe1 34. Qxe1 gxf5 35. Bf4 Kb7 36.
Bxc7 Kxc7 37. exf5 b4 38. Qe5+ Kb6 39. Qxh8 1-0

[Event "Early-Titled-Tuesday-Blitz-June-18-2024"]
[Site "Chess.com"]
[Date "2024.06.18"]
[Round "6"]
[White "DeArron_Fox"]
[Black "Hirna2005"]
[Result "1-0"]
[WhiteElo "2476"]
[BlackElo "2297"]
[TimeControl "180+1"]
[EndTime "9:08:27 PDT"]
[Termination "DeArron_Fox won by resignation"]

1. d4 g6 2. c4 Bg7 3. Nc3 d6 4.
e4 Nc6 5. Be3 e5 6. Nge2 exd4 7.
Nxd4 Nge7 8. Qd2 O-O 9. Be2 f5 10. exf5 Nxd4 11. Bxd4 Bxf5 12. Bxg7 Kxg7 13. O-O Nc6 14.
Bf3 Qd7 15. Bxc6 Qxc6 16. Qd4+ Kg8 17. Rfe1 Rae8 18. f3 Qb6 19. Qxb6 axb6 20. Nd5 Rxe1+ 21. Rxe1 Rf7 22. Re7 Rxe7 23. Nxe7+ Kf7 24. Nxf5 gxf5 25. Kf2 f4 26. g3 fxg3+ 27. hxg3 Ke6 28. Ke3 Ke5 29. g4 c6 30. f4+ Ke6 31. Ke4 Kf6 32. g5+ Kg6 33. a4 c5 34. b3 Kf7 35. f5 Ke7 36. Kd5 Kd7 37. f6 Kd8 38. Kxd6 Ke8 39. Ke6 Kf8 40. f7 b5 41. cxb5 b6 42. a5 c4 43. axb6 cxb3 44. b7 1-0

[Event "Early-Titled-Tuesday-Blitz-June-18-2024"]
[Site "Chess.com"]
[Date "2024.06.18"]
[Round "6"]
[White "urano56"]
[Black "Dewarfd"]
[Result "0-1"]
[WhiteElo "2395"]
[BlackElo "2135"]
[TimeControl "180+1"]
[EndTime "9:08:28 PDT"]
[Termination "Dewarfd won by resignation"]

1. d4 d5 2. c4 c6 3. e3 g6 4. Nc3 Bg7 5. cxd5 cxd5 6. Qb3 Nf6 7. Nf3 O-O 8. Ne5 Nc6 9. Be2 Nxe5 10. dxe5 Ne4 11. Qxd5 Nxc3 12. Qxd8 Rxd8 13. bxc3 Bxe5 14. Bb2 Be6 15. Rd1 Rxd1+ 16. Kxd1 Bxa2 17. Kc2 Be6 18.
Bf3 Rb8 19. Ra1 a6 20. Ra5 f6 21. Be4 Kf7 22. Ba3 Bd6 23. Bxd6 exd6 24. h4 f5 25. Bf3 Bc4 26. Ra4 d5 27. Ra5 b6 28.
Ra1 a5 29. h5 Ke6 30. hxg6 hxg6 31. Rh1 Kf6 32. Rh7 b5 33. Ra7 a4 34. Ra6+ Kg5 35. Ra7 b4 36. cxb4 Rxb4 37. Kc3 Rb3+ 38. Kc2 Rb8 39.
Kc3 Bb3 40. Ra5 Rc8+ 41. Kd4 Rc2 42. Bxd5 Rd2+ 43. Ke5 Rxd5+ 44. Rxd5 Bxd5 0-1

[Event "Early-Titled-Tuesday-Blitz-June-18-2024"]
[Site "Chess.com"]
[Date "2024.06.18"]
[Round "6"]
[White "DinaBelenkaya"]
[Black "Squirlolz"]
[Result "1-0"]
[WhiteElo "2344"]
[BlackElo "2490"]
[TimeControl "180+1"]
[EndTime "9:08:29 PDT"]
[Termination "DinaBelenkaya won by resignation"]

1. Nf3 d6 2. g3 h6 3. Bg2 g5 4.
O-O Bg7 5. e4 Nf6 6. Re1 Bg4 7. d4 c6 8. c4 Nbd7 9. Nc3 e5 10. d5 Qe7 11. Qb3 Nc5 12. Qc2 a5 13. Nd2 h5 14. Nf1 h4 15. Bxg5 h3 16. Bh1 Bh6 17. Bh4 O-O-O 18. Ne3 Bxe3 19. Rxe3 Rxh4 20. gxh4 Nh5 21. Ne2 Qxh4 22. Ng3 Nf4 23. Kf1 cxd5 24. cxd5 Kb8 25. Qd2 Rc8 26. b4 axb4 27. Rb1 Na6 28. a3 Bd7 29. axb4 Bb5+ 30. Kg1 Qg4 31. Bf3 Qg6 32.
Kh1 Nxd5 33. Qxd5 Bc6 34. Qd2 f5 35. b5 fxe4 36. bxc6 exf3 37. Rxb7+ Ka8 38. Rb6 Ka7 39. Qa5 1-0

[Event "Early-Titled-Tuesday-Blitz-June-18-2024"]
[Site "Chess.com"]
[Date "2024.06.18"]
[Round "6"]
[White "VaglioSagan"]
[Black "NigiriSushies"]
[Result "1-0"]
[WhiteElo "2488"]
[BlackElo "2305"]
[TimeControl "180+1"]
[EndTime "9:08:29 PDT"]
[Termination "VaglioSagan won on time"]

1. d4 d5 2. c4 c6 3. Nc3 Nf6 4.
e3 e6 5. Nf3 Nbd7 6. b3 Bb4 7.
Bd2 Bd6 8. Bd3 O-O 9. O-O e5 10.
cxd5 cxd5 11. e4 exd4 12. Nxd5 Nc5 13. Bg5 Ne6 14. Nxf6+ gxf6 15. Bh6 Re8 16. Qd2 Bf8 17. Rad1 Qb6 18. Bc4 Nc5 19. Bxf8 Nxe4 20. Qh6 Rxf8 21. Rxd4 Bf5 22. Qf4 Ng5 23. Nxg5 fxg5 24. Qxg5+ Bg6 25.
Rf4 Qc7 26. h4 Kh8 27. Qf6+ Kg8 28. Rg4 Qc5 29. Rg5 Qxc4 30. bxc4 1-0

[Event "Early-Titled-Tuesday-Blitz-June-18-2024"]
[Site "Chess.com"]
[Date "2024.06.18"]
[Round "6"]
[White "Jeppesen08"]
[Black "talaicito"]
[Result "1-0"]
[WhiteElo "2448"]
[BlackElo "2255"]
[TimeControl "180+1"]
[EndTime "9:08:29 PDT"]
[Termination "Jeppesen08 won on time"]

1. e4 c5 2. d4 cxd4 3. c3 d3 4. Bxd3 Nc6 5. Nf3 d5 6. e5 Bg4 7.
h3 Bxf3 8. Qxf3 Nxe5 9. Bb5+ Nc6 10. O-O e6 11. c4 Nf6 12. Nc3 Be7 13. Bg5 O-O 14.
Rad1 Qa5 15. cxd5 Nxd5 16. Bxc6 bxc6 17. Rxd5 cxd5 18. Bxe7 Rfe8 19. Bh4 Rab8 20. Qg3 Kh8 21. b3 Rbc8 22. Na4 Rc2 23. f4 Qc7 24. Qe3 f6 25.
Qd4 Kg8 26. Rf3 Rc1+ 27. Kh2 e5 28. Qxd5+ 1-0

[Event "Early-Titled-Tuesday-Blitz-June-18-2024"]
[Site "Chess.com"]
[Date "2024.06.18"]
[Round "6"]
[White "KarlEmilElmer"]
[Black "Zampronha1971"]
[Result "0-1"]
[WhiteElo "2192"]
[BlackElo "2398"]
[TimeControl "180+1"]
[EndTime "9:08:30 PDT"]
[Termination "Zampronha1971 won on time"]

1. d4 Nf6 2. c4 e6 3. Nc3 Bb4 4. Bg5 b6 5. e4 h6 6. Bxf6 Qxf6 7. Nf3 Bb7 8. Bd3 O-O 9. O-O Bxc3 10. bxc3 d6 11. e5 Qe7 12. Bc2 Nd7 13. Qd3 g6 14. Rae1 Bxf3 15. gxf3 dxe5 16. Kh1 exd4 17. cxd4 Qf6 18.
Rg1 Kg7 19. Rg4 h5 20. Rg3 Rfd8 21. Reg1 Nf8 22. d5 exd5 23. cxd5 c6 24. Rg5 cxd5 25. Rxd5 Rxd5 26. Qxd5 Rd8 27. Qxh5 Rd2 28. Be4 Rxf2 29. Qg4 Ne6 30. Qg3 Rxa2 31. h4 Qf4 32. h5 Qxg3 33. Rxg3 Nf8 34. Rh3 Ra1+ 35. Kg2 Ne6 36. hxg6 Nf4+ 37.
Kg3 Nxh3 38. gxf7 Ng5 0-1

[Event "Early-Titled-Tuesday-Blitz-June-18-2024"]
[Site "Chess.com"]
[Date "2024.06.18"]
[Round "6"]
[White "Feegus"]
[Black "FGHSMN"]
[Result "0-1"]
[WhiteElo "2685"]
[BlackElo "2911"]
[TimeControl "180+1"]
[EndTime "9:08:31 PDT"]
[Termination "FGHSMN won by resignation"]

1. e4 c6 2. d4 d5 3. exd5 cxd5 4. Bd3 Nc6 5. c3 Nf6 6. h3 e5 7. dxe5 Nxe5 8. Nf3 Nxd3+ 9. Qxd3 Bd6 10. O-O O-O 11.
Bg5 Be6 12. Nbd2 h6 13. Bh4 g5 14. Bg3 Nh5 15. Bxd6 Qxd6 16. Nd4 Nf4 17. Qb5 a6 18. Qb3 Qd7 19. Nxe6 fxe6 20. Rfe1 Rf5 21. Qb6 Raf8 22.
Re3 e5 23. Rae1 e4 24. Rf1 R5f6 25. Qd4 Ne6 26. Qb4 Nf4 27. Qd4 R8f7 28. c4 g4 29.
hxg4 Qxg4 30. g3 Nh3+ 31. Kh1 Nxf2+ 32. Rxf2 Rxf2 33. Kg1 Qd1+ 0-1